 Dungeon Crawl Stone Soup version 0.32-a0-290-g598725c5f2 (webtiles) character file.

Game seed: 15507805550190991637

13223 senseless the Cleaver (level 11, -24/102 HPs)
             Began as a Mountain Dwarf Fighter on Feb 13, 2024.
             Was a High Priest of Okawaru.
             Killed from afar by Azrael (26 damage)
             ... with a bolt of fire
             ... on level 12 of the Dungeon.
             The game lasted 00:32:08 (12748 turns).

senseless the Cleaver (Mountain Dwarf Fighter)     Turns: 12748, Time: 00:32:09

Health: -24/102    AC: 17    Str: 23    XL:     11   Next: 72%
Magic:  11/11      EV:  6    Int:  9    God:    Okawaru [*****.]
Gold:   1528       SH: 16    Dex: 12    Spells: 10/10 levels left

rFire   . . .        C - +1 broad axe of the Bequeathed God {spect, Dex+3}
rCold   . . .        H - +0 kite shield
rNeg    + . .        q - +0 plate armour
rPois   +            h - +1 helmet
rElec   .            j - +0 cloak
rCorr   .            m - +1 pair of gloves
SInv    .            u - +0 pair of boots
Will    +....        t - amulet of reflection Stlth
                     g - ring of positive energy
HPRegen 0.37/turn    G - ring of poison resistance
MPRegen 0.12/turn

%: reflection
@: no status effects
A: runic magic, artefact enchanting, deformed body
a: Renounce Religion, Heroism, Finesse, Duel


You were on level 12 of the Dungeon.
You worshipped Okawaru.
Okawaru was extremely pleased with you.
You visited 2 branches of the dungeon, and saw 13 of its levels.

You collected 1528 gold pieces.

Inventory:

Hand Weapons
 a - a +1 war axe
 n - a +2 heavy hammer
 A - the +5 long sword of Hejeah {spect, ^Contam rCorr Dex+5}
   (You found it on level 4 of the Dungeon)

   Dex+5:     It affects your dexterity (+5).
   ^Contam:   It causes magical contamination when unequipped.
   rCorr:     It protects you from acid and corrosion.
 C - the +1 broad axe of the Bequeathed God (weapon) {spect, Dex+3}
   (You acquired it on level 8 of the Dungeon)

   Dex+3:     It affects your dexterity (+3).
 E - a +1 heavy war axe
 L - the +2 orcbow of Qubra {drain, rElec rPois rCorr Stlth+}
   (You found it on level 11 of the Dungeon)

   rElec:     It insulates you from electricity.
   rPois:     It protects you from poison rCorr: It protects you from acid and
   corrosion.
   Stlth+:    It makes you more stealthy.
Missiles
 o - 25 poisoned darts
 F - 2 curare-tipped darts
 O - a throwing net
Armour
 b - a +0 scale mail
 c - a +0 buckler
 h - a +1 helmet (worn)
 j - a +0 cloak (worn)
 k - the +0 robe of Hedging {rF+ rC+}
   (You took it off a gnoll on level 4 of the Dungeon)

   rF+:       It protects you from fire.
   rC+:       It protects you from cold.
 m - a +1 pair of gloves (worn)
 q - a +0 plate armour (worn)
 u - a +0 pair of boots (worn)
 H - a +0 kite shield (worn)
Jewellery
 g - a ring of positive energy (left hand)
 l - a ring of wizardry
 t - an amulet of reflection (around neck)
 G - a ring of poison resistance (right hand)
 Q - a ring of protection from fire
Wands
 i - a wand of roots (3)
 x - a wand of acid (9)
 K - a wand of polymorph (6)
Scrolls
 e - a scroll of immolation
 f - 2 scrolls of fog
 r - a scroll of fear
 y - a scroll of identify
 z - a scroll of torment
 B - 2 scrolls of teleportation
 I - a scroll of amnesia
 M - a scroll of revelation
Potions
 d - 4 potions of enlightenment
 p - 4 potions of ambrosia
 s - 2 potions of magic
 v - 4 potions of brilliance
 w - 5 potions of attraction
 D - a potion of curing
 J - 2 potions of haste
 N - a potion of mutation


   Skills:
 + Level 11.0 Fighting
 + Level 11.7 Axes
 + Level 10.9 Armour
 + Level 11.0 Shields


You had 10 spell levels left.
You didn't know any spells.
Your spell library contained the following spells:

 Spells                   Type           Power      Damage    Failure   Level
 Sublimation of Blood     Necr           0%         N/A       88%         2
 Inner Flame              Hex/Fire       0%         N/A       98%         3
 Brom's Barrelling Bould  Conj/Erth      0%         2d3       100%        4
 Petrify                  Alch/Erth      0%         N/A       100%        4
 Fireball                 Conj/Fire      0%         3d3       100%        5
 Irradiate                Conj/Alch      0%         3d11      100%        5
 Lee's Rapid Deconstruct  Erth           0%         3d4*      100%        5
 Orb of Destruction       Conj           0%         9d5       100%        7
 Borgnjor's Revivificati  Necr           0%         N/A       100%        8
 Ignition                 Fire           0%         3d3       100%        8
 Death's Door             Necr           0%         N/A       100%        9
 Animate Armour           Summ/Erth      Unusable   N/A       N/A         4
 Summon Blazeheart Golem  Fire/Summ      Unusable   N/A       N/A         4
 Haunt                    Necr/Summ      Unusable   N/A       N/A         7
 Spellforged Servitor     Conj/Summ      Unusable   N/A       N/A         7

Dungeon Overview and Level Annotations

Branches:
Dungeon (12/15)            Temple (1/1) D:5            Lair (0/5) D:11
    Orc (0/2) D:10

Altars:
Ashenzari
Cheibriados
Dithmenos
Elyvilon
Fedhas
Gozag
Hepliaklqana
Kikubaaqudgha
Makhleb
Nemelex Xobeh
Okawaru
Qazlal
Ru
Sif Muna
Trog
Uskayaw
Vehumet
Wu Jian
Xom
Yredelemnul
Zin
The Shining One

Annotations:
D:12 Azrael


Innate Abilities, Weirdness & Mutations

Your spellcasting is much less encumbered by armour.
You can use scrolls of enchantment on lesser artefacts.
Armour fits poorly on your strangely shaped body.


Message History

The fire elemental burns your +1 broad axe of the Bequeathed God {spect, Dex+3}!
Your +1 broad axe of the Bequeathed God {spect, Dex+3} resists.
Your spectral weapon shares its damage with you!
The fire elemental hits your +1 broad axe of the Bequeathed God {spect, Dex+3}.
The fire elemental burns your +1 broad axe of the Bequeathed God {spect, Dex+3}!
Your +1 broad axe of the Bequeathed God {spect, Dex+3} resists.
Your spectral weapon shares its damage with you!
You barely miss Azrael.
Your +1 broad axe of the Bequeathed God {spect, Dex+3} hits Azrael.
You block Azrael's attack.
You slash Azrael!
Azrael is lightly wounded.
Your +1 broad axe of the Bequeathed God {spect, Dex+3} hits Azrael.
Azrael gestures at you. The bolt of fire hits you!!!
You are too injured to fight recklessly!
You completely miss Azrael.
Azrael is moderately wounded.
Your +1 broad axe of the Bequeathed God {spect, Dex+3} hits Azrael.
Azrael gestures at you.
The sphere of damnation explodes!
The damnation engulfs you!!
* * * LOW HITPOINT WARNING * * *
The damnation engulfs your +1 broad axe of the Bequeathed God {spect, Dex+3}!!
Your spectral weapon shares its damage with you!
Your +1 broad axe of the Bequeathed God {spect, Dex+3} disappears.
The damnation engulfs Azrael.
Azrael completely resists.
* * * LOW HITPOINT WARNING * * *
Okay, then.
As you read the scroll of fear, it crumbles to dust.
You assume a fearsome visage.
Azrael resists with some effort.
The fire elemental is unaffected. x2; The hell hound looks frightened! x2
The fire elemental is unaffected.
The orc wizard looks frightened!
The orc priest looks frightened!
The orc wizard gestures wildly while chanting.
The orc wizard flickers and vanishes!
Deactivating autopickup; reactivate with Ctrl-A.
You block Azrael's attack. Azrael gestures at you. The bolt of fire hits you!!
You die...

####.....#
####.#......#
##.#.........#
##............#
#.............#
##....#########
##[......#
#....###.###
##..## #.@.#
#..## ###R#
####


EEE. ...o$.. +o......# #..h..h.# #)......# #.......# You could see Azrael, 2
fire elementals, 2 hell hounds and an orc.

Vanquished Creatures
  A two-headed ogre (D:11)
  Pikel (D:6)
  2 ugly things
  A manticore (D:11)
  Maurice (D:11)
  2 slime creatures (D:12)
  A gargoyle (D:10)
  2 unseen horrors
  3 kobold demonologists
  A komodo dragon (D:11)
  4 trolls
  A hornet (D:10)
  Sigmund (D:2)
  A water elemental (D:11)
  2 wraiths
  2 vampires (D:9)
  11 yaks
  The ghost of Nebesus the Covered, an amateur AtFi (D:4)
  A wyvern (D:11)
  A hell hound (D:12)
  2 orc warriors
  An ice beast (D:7)
  A black bear (D:7)
  6 sky beasts
  An ogre (D:5)
  2 centaurs
  2 lemures (D:6)
  4 kobold brigands
  3 phantoms
  4 bullfrogs
  A scorpion (D:4)
  9 wights
  8 killer bees
  3 howler monkeys
  2 electric eels (D:11)
  2 hounds
  A bombardier beetle (D:5)
  5 jellies
  6 orc priests
  Crazy Yiuf (D:3)
  3 iguanas
  15 orc wizards
  8 gnolls
  5 adders
  2 white imps
  A ribbon worm (D:2)
  A dart slug (D:4)
  36 orcs
  12 endoplasms
  9 giant cockroaches
  6 goblins
  11 hobgoblins
  A jackal (D:4)
  29 kobolds
  3 quokkas
  11 ball pythons
  11 bats
  4 frilled lizards
  3 rats
275 creatures vanquished.

Vanquished Creatures (others)
  A spectral weapon (D:12)
1 creature vanquished.

Grand Total: 276 creatures vanquished

Notes
Turn   | Place    | Note
-------+----------+-------------------------------------------
     0 | D:1      | senseless the Mountain Dwarf Fighter began the quest for
                  | the Orb.
     0 | D:1      | Reached XP level 1. HP: 19/19 MP: 1/1
   116 | D:1      | Reached XP level 2. HP: 26/26 MP: 2/2
   383 | D:1      | Reached XP level 3. HP: 18/33 MP: 3/3
  1263 | D:2      | Reached XP level 4. HP: 40/40 MP: 4/4
  1408 | D:2      | Noticed Sigmund
  1437 | D:2      | Killed Sigmund
  1438 | D:2      | Reached XP level 5. HP: 24/47 MP: 5/5
  1445 | D:2      | Reached XP level 6. HP: 29/53 MP: 6/6
  1821 | D:3      | Got Ulitt's Atlas of the Eternal Void
  1946 | D:3      | Found a blossoming altar of Fedhas.
  2270 | D:3      | Found a shadowy altar of Dithmenos.
  2349 | D:3      | Found an ancient bone altar of Kikubaaqudgha.
  2436 | D:3      | Found a runed translucent door.
  2437 | D:3      | Noticed Crazy Yiuf
  2444 | D:3      | Killed Crazy Yiuf
  2923 | D:4      | Reached skill level 5 in Shields
  2944 | D:4      | Noticed Nebesus's ghost (amateur AtFi)
  2961 | D:4      | Reached skill level 5 in Fighting
  2961 | D:4      | Reached skill level 5 in Axes
  2961 | D:4      | Reached skill level 5 in Armour
  2987 | D:4      | Found a runed translucent door.
  3038 | D:4      | Reached XP level 7. HP: 60/61 MP: 7/7
  3079 | D:4      | Identified the +5 long sword of Hejeah {spect, ^Contam
                  | rCorr Dex+5}
  3618 | D:4      | Identified the +0 robe of Hedging {rF+ rC+}
  3629 | D:4      | HP: 3/61 [gnoll/+0 halberd (10)]
  4151 | D:4      | Killed Nebesus's ghost
  4152 | D:4      | Reached XP level 8. HP: 70/70 MP: 8/8
  4300 | D:5      | Entered Level 5 of the Dungeon
  4302 | D:5      | Found a staircase to the Ecumenical Temple.
  4319 | Temple   | Entered the Ecumenical Temple
  4368 | Temple   | Became a worshipper of Warmaster Okawaru
  4434 | D:5      | Found a white marble altar of Elyvilon.
  4436 | D:5      | Found a basalt altar of Yredelemnul.
  4457 | D:5      | Found a snail-covered altar of Cheibriados.
  4460 | D:5      | Found an opulent altar of Gozag.
  4712 | D:5      | Found a hazy altar of Hepliaklqana.
  5074 | D:6      | Identified a scroll of acquirement
  5074 | D:6      | Acquired 954 gold pieces
  5110 | D:6      | Noticed Pikel
  5131 | D:6      | Killed Pikel
  5131 | D:6      | Reached * piety under Okawaru
  5201 | D:6      | Reached XP level 9. HP: 79/79 MP: 6/9
  6535 | D:7      | Reached ** piety under Okawaru
  6815 | D:7      | Gained mutation: Armour fits poorly on your strangely
                  | shaped body. [mutagenic glow]
  7234 | D:8      | Acquired the +1 broad axe of the Bequeathed God {spect,
                  | Dex+3}
  7724 | D:8      | Reached XP level 10. HP: 70/90 MP: 10/10
  8518 | D:9      | Found a stormy altar of Qazlal.
  8637 | D:9      | Reached *** piety under Okawaru
  9471 | D:10     | Entered Level 10 of the Dungeon
  9518 | D:10     | Reached skill level 10 in Axes
  9520 | D:10     | Noticed a rust devil
  9522 | D:10     | Reached **** piety under Okawaru
  9522 | D:10     | Noticed a sixfirhy
  9526 | D:10     | Noticed a gargoyle
  9675 | D:10     | Killed a gargoyle
  9754 | D:10     | Found a staircase to the Orcish Mines.
  9836 | D:10     | Found a bloodstained altar of Trog.
 10189 | D:10     | Reached ***** piety under Okawaru
 10196 | D:10     | Reached skill level 10 in Shields
 10196 | D:10     | Reached XP level 11. HP: 91/99 MP: 11/11
 10329 | D:11     | Reached skill level 10 in Fighting
 10462 | D:11     | Noticed Maurice
 10467 | D:11     | Killed Maurice
 10468 | D:11     | Reached skill level 10 in Armour
 10473 | D:11     | Identified the +2 orcbow of Qubra {drain, rElec rPois rCorr
                  | Stlth+}
 10636 | D:11     | Found a staircase to the Lair.
 10990 | D:11     | Noticed a two-headed ogre
 10995 | D:11     | Killed a two-headed ogre
 11824 | D:11     | Received a gift from Okawaru
 11932 | D:11     | Noticed a brown ugly thing
 11944 | D:11     | Killed a brown ugly thing
 12423 | D:12     | Noticed a red ugly thing
 12450 | D:12     | Killed a red ugly thing
 12735 | D:12     | Noticed Azrael
 12746 | D:12     | HP: 1/102 [Azrael/+0 scimitar of flaming (10)]
 12748 | D:12     | Killed from afar by Azrael

Illustrated notes

Levels and vault maps discovered:
D:1:      giann_bridges, layout_basic, minmay_distorted
D:2:      layout_basic, uniq_sigmund
D:3:      layout_loops_corners, mainiacjoe_overflow_six_doors_small,
          lemuel_crystal_altar, lemuel_tele_altar, nicolae_eternal_life,
          uniq_crazy_yiuf_cottage
D:4:      minmay_bubble_buster, layout_basic, hellmonk_ghost_happy_afterlife,
          hangedman_minor_gate_pass
D:5:      layout_cave_pools, mainiacjoe_overflow_alcove_2,
          grunt_temple_overflow_open, minmay_temple_entry_crystal_x
D:6:      minmay_flawed_box, layout_rooms, uniq_pikel
D:7:      layout_gridville
D:8:      layout_layer_cave, feat_on_display
D:9:      layout_loops_corners, mainiacjoe_overflow_tiny_flanked
D:10:     layout_cave_pools, lightli_temple_of_fire, orc_0_dummy,
          minmay_misc_feat_columns, grunt_decor_clamped, grunt_decor_resistance
D:11:     layout_basic, david_lair_shrubbed, uniq_maurice
D:12:     layout_roguey, serial_shops, nicolae_square_shop,
          portal_ice_cave_entry_imps, nicolae_figureground_sparkle, uniq_azrael
Temple:   minmay_temple_forest_path

Skill      XL: |  1  2  3  4  5  6  7  8  9 10 11 |
---------------+----------------------------------+-----
Axes           | 3 4 5 6 7 9 10 11 | 11.7
Fighting       | 4 5 6 7 8 9 11 | 11.0
Shields        | 4 5 6 7 8 10 11 | 11.0
Armour         | 4 5 6 7 8 9 10 | 10.9

Action                     |  1- 3 |  4- 6 |  7- 9 | 10-12 || total
---------------------------+-------+-------+-------+-------++-------
  Melee: War axe           |   117 |   163 |    11 |       ||   291
         Long sword        |       |       |   286 |       ||   286
         Broad axe         |       |       |    23 |   317 ||   340
 Invoke: Heroism           |       |       |     3 |     4 ||     7
    Use: Potion            |       |     1 |     4 |     1 ||     6
         Scroll            |       |    15 |    10 |     7 ||    32
   Stab: Distracted        |       |       |     3 |     4 ||     7
 Armour: Scale mail        |    85 |    94 |    85 |       ||   264
         Skin              |       |       |     6 |       ||     6
         Plate armour      |       |       |   240 |   233 ||   473
  Dodge: Dodged            |    54 |    48 |    91 |    38 ||   231
  Block: Buckler           |    36 |    86 |   191 |    69 ||   382
         Reflection        |       |     1 |     5 |    11 ||    17
         Kite shield       |       |       |       |   123 ||   123

Table legend: (Time is in decaauts)
 A = Elapsed time spent in this place.
 B = Non-inter-level travel time spent in this place.
 C = Inter-level travel time spent in this place.
 D = Time resting spent in this place.
 E = Time spent auto-exploring this place.
 F = Levels seen in this place.
 G = Mean time per level.
                   A        B        C        D        E       F      G
               +--------+--------+--------+--------+--------+-----+--------+
         Total |  13016 |  12437 |    579 |    622 |   9777 |  13 | 1001.2 |
       Dungeon |  12917 |  12434 |    483 |    622 |   9777 |  12 | 1076.4 |
        Temple |     98 |      2 |     96 |      0 |      0 |   1 |   98.0 |
               +--------+--------+--------+--------+--------+-----+--------+

Top non-repeatable levels by time:
    D:11: 2065 daAuts
     D:4: 1366 daAuts
     D:3: 1310 daAuts
     D:8: 1298 daAuts
     D:9: 1240 daAuts
     D:1: 1164 daAuts
     D:7: 1061 daAuts
     D:6: 898 daAuts
    D:10: 845 daAuts
     D:5: 688 daAuts
     D:2: 583 daAuts
    D:12: 394 daAuts
  Temple: 98 daAuts
